 Dungeon Crawl Stone Soup version 0.29.1-1-gd02db6906a (webtiles) character file.

Game seed: 16732197346019303477

11809 KamiKatze the Cleaver (level 11, 0/93 HPs)
             Began as a Palentonga Berserker on Oct 2, 2022.
             Was an Elder of Trog.
             Slain by a brown ugly thing (4 damage)
             ... on level 10 of the Dungeon.
             The game lasted 00:41:06 (11570 turns).

KamiKatze the Cleaver (Palentonga Berserker)       Turns: 11570, Time: 00:41:08

Health: 0/93       AC: 12    Str: 29    XL:     11   Next: 54%
Magic:  11/11      EV: 10    Int:  7    God:    Trog [****..]
Gold:   633        SH:  0    Dex: 12    Spells: 10/10 levels left

rFire   + . .      SeeInvis +   g - +1 war axe (vamp)
rCold   . . .      Faith    .   (no shield)
rNeg    . . .      Spirit   .   m - +2 scale mail of Divine Joy {rF+}
rPois   .          Reflect  .   (no helmet)
rElec   .          Harm     .   (no cloak)
rCorr   .          Rampage  .   (no gloves)
Will    ++...                   (no barding)
Stlth   ..........              (no amulet)
HPRegen 1.25/turn               y - ring "Wycw" {Str+4 SInv}
MPRegen 0.12/turn               c - ring of flight

@: strong-willed, corroded, flying, regenerating, curled up
A: large, rugged brown scales 3, see invisible, deformed body, roll 1, armoured
tail, reflexive curl
a: Rolling Charge, Renounce Religion, Berserk, Trog's Hand, Brothers in Arms


You were on level 10 of the Dungeon.
You worshipped Trog.
Trog was greatly pleased with you.
You visited 2 branches of the dungeon, and saw 11 of its levels.

You collected 633 gold pieces.

Inventory:

Hand Weapons
 a - a +0 hand axe
 f - a +0 flail
 g - a +1 vampiric war axe (weapon)
 D - a +0 flail
 E - a +2 dire flail
 F - a +4 trident
 I - a +1 scimitar of flaming
Missiles
 b - 5 atropa-tipped darts
 q - 11 poisoned darts (quivered)
 J - a curare-tipped dart
Armour
 m - the +2 scale mail of Divine Joy (worn) {rF+}
   (You found it on level 2 of the Dungeon)

   rF:        It protects you from fire.
 C - +0 shadow dragon scales
 H - a +3 ring mail of cold resistance
 M - +0 acid dragon scales
Jewellery
 c - a ring of flight (right hand)
 p - a ring of protection from cold
 y - the ring "Wycw" (left hand) {Str+4 SInv}
   (You found it on level 6 of the Dungeon)

   [ring of see invisible]

   Str:       It affects your strength (+4).
   SInv:      It lets you see invisible.
Wands
 o - a wand of flame (28)
 A - a wand of acid (6)
 K - a wand of paralysis (10)
Scrolls
 d - a scroll of fear
 e - 2 scrolls of enchant weapon
 h - a scroll of magic mapping
 i - 2 scrolls of fog
 l - a scroll of enchant armour
 B - a scroll of acquirement
Potions
 j - 5 potions of ambrosia
 r - 3 potions of invisibility
 s - a potion of lignification
 u - a potion of cancellation {unknown}
 v - a potion of curing
 x - a potion of attraction {unknown}
 z - a potion of resistance
 L - a potion of magic


   Skills:
 + Level 8.8 Fighting
 * Level 11.9 Axes
 + Level 7.0 Armour
 + Level 7.0 Dodging
 - Level 3.0 Evocations


You had 10 spell levels left.
You didn't know any spells.
Your spell library was empty.

Dungeon Overview and Level Annotations

Branches:
Dungeon (10/15)            Temple (1/1) D:5
   Lair: D:8-11         Orc: D:9-12

Altars:
Ashenzari
Cheibriados
Dithmenos
Elyvilon
Fedhas
Gozag
Hepliaklqana
Kikubaaqudgha
Makhleb
Nemelex Xobeh
Okawaru
Qazlal
Ru
Sif Muna
Trog
Uskayaw
Vehumet
Wu Jian
Xom
Yredelemnul
Zin
The Shining One

Shops:
D:4 :   D:8 *

Annotations:
D:8 3 runed translucent doors, exclusion: 3 doors, lis82's ghost, novice DgAE
D:9 exclusion: ice statue


Innate Abilities, Weirdness & Mutations

You are completely covered in rugged brown scales. (AC +3, +7% HP)
You have supernaturally acute eyesight. (SInv)
Armour fits poorly on your strangely shaped body.
You can roll at nearby foes to attack.
You have a long armoured tail.
You curl defensively after being hit. (AC +7*)


Message History

Unknown command.
You slash the brown ugly thing!
Your tail-slap misses the brown ugly thing.
Your punch misses the brown ugly thing.
The brown ugly thing is severely wounded.
You hit the efreet but do no damage.
You carefully extract the barbed spikes from your body.
The efreet barely misses you.
You hit the efreet.
The efreet is lightly wounded.
You completely miss the brown ugly thing.
The brown ugly thing closely misses you.
The efreet closely misses you.
Unknown command.
You slice the efreet!!
You tail-slap the efreet, but do no damage.
The efreet is heavily wounded.
You hit the brown ugly thing. The brown ugly thing gores you.
You are splashed with acid!
* * * LOW HITPOINT WARNING * * *
Unknown command.
You completely miss the efreet.
The efreet is heavily wounded.
You slash the brown ugly thing!
You feel the effects of Trog's Hand fading.
The kobold demonologist casts a spell.
The efreet gestures at you. The bolt of fire hits you! You resist.
* * * LOW HITPOINT WARNING * * *
The brown ugly thing gores you.
* * * LOW HITPOINT WARNING * * *
The acid corrodes you!
You are splashed with acid!
* * * LOW HITPOINT WARNING * * *
Your skin crawls.
You feel strong-willed.
The efreet hits you with a +3 scimitar of flaming!
* * * LOW HITPOINT WARNING * * *
The efreet burns you.
* * * LOW HITPOINT WARNING * * *
The brown ugly thing gores you.
You die...

##..#.KRO.#........#........
#...#}...H#........#........
#.#.#.$:.?#.###....'........
#.#.##uWy+###:##...####.....
#.#..#####°'...#......'.....
#...#..##'###[##..#####.....
##..#.##4O#####.............
##...#..KR#................
###.#..yu@†.............##
#.##.W##...#..........#
#..####..#............#
##....................##
#.###..###.............
#..##..#....<#.#####.#.
#........#.###.#.......
#........#.###.#.......
#........#.##..........


You could see a brown ugly thing, a two-headed ogre, a kobold demonologist, an
efreet, a wraith, a red devil (summoned) and a vampire mosquito.

Vanquished Creatures
  Gastronok (D:8)
  Josephine (D:10)
  Erica (D:8)
  A manticore (D:10)
  Maggie (D:8)
  A komodo dragon (D:8)
  17 yaks
  5 wraiths (D:10)
  A steam dragon (D:9)
  An acid dragon (D:10)
  Duvessa (D:4)
  2 water moccasins (D:7)
  4 orc warriors
  2 sky beasts
  An ice beast (D:7)
  5 black bears
  2 ogres
  3 centaurs
  2 kobold brigands
  3 bullfrogs
  2 necrophages
  3 scorpions
  4 wights (D:6)
  Dowan (D:4)
  21 killer bees
  A howler monkey (D:8)
  A centaur zombie (D:8)
  8 hounds
  5 jellies
  2 gnoll boudas
  2 orc priests
  9 iguanas
  13 orc wizards
  A killer bee zombie (D:8)
  11 gnolls
  8 adders
  A shadow imp (D:5)
  5 white imps
  2 ufetubi (D:5)
  3 worms
  3 dart slugs
  30 orcs
  5 ball pythons
  5 endoplasms
  5 giant cockroaches
  5 goblins
  7 hobgoblins
  2 jackals (D:3)
  3 quokkas
  4 bats
  A frilled lizard (D:2)
  17 kobolds
  5 rats
250 creatures vanquished.

Vanquished Creatures (collateral kills)
  A steam dragon (D:9)
1 creature vanquished.

Grand Total: 251 creatures vanquished

Notes
Turn   | Place    | Note
-------+----------+-------------------------------------------
     0 | D:1      | KamiKatze the Palentonga Berserker began the quest for the
                  | Orb.
     0 | D:1      | Reached XP level 1. HP: 19/19 MP: 1/1
   370 | D:1      | Found a faded altar of an unknown god.
   496 | D:1      | Reached XP level 2. HP: 25/25 MP: 2/2
   956 | D:2      | Identified the +2 scale mail of Divine Joy {rF+}
  1077 | D:2      | Reached XP level 3. HP: 21/31 MP: 3/3
  1977 | D:2      | Reached ** piety under Trog
  2038 | D:2      | Reached XP level 4. HP: 15/37 MP: 4/4
  2389 | D:3      | Reached skill level 4 in Axes
  2424 | D:3      | Found a radiant altar of Vehumet.
  2439 | D:3      | Found a glowing silver altar of Zin.
  2633 | D:3      | Reached skill level 1 in Evocations
  2633 | D:3      | Reached XP level 5. HP: 32/43 MP: 5/5
  2708 | D:3      | Found a snail-covered altar of Cheibriados.
  2989 | D:4      | Found Veuzoeco's Book Shoppe.
  3049 | D:4      | Reached XP level 6. HP: 42/51 MP: 6/6
  3163 | D:4      | Reached skill level 5 in Axes
  3305 | D:4      | Gained mutation: You curl defensively after being hit. (AC
                  | +7*) [Palentonga growth]
  3305 | D:4      | Reached XP level 7. HP: 45/57 MP: 7/7
  3478 | D:4      | Noticed Dowan
  3670 | D:4      | Noticed Duvessa
  3708 | D:4      | Killed Duvessa
  3972 | D:4      | Killed Dowan
  4060 | D:4      | Found a bloodstained altar of Trog.
  4117 | D:5      | Entered Level 5 of the Dungeon
  4127 | D:5      | Reached skill level 6 in Axes
  4351 | D:5      | Reached *** piety under Trog
  4463 | D:5      | Reached XP level 8. HP: 46/65 MP: 8/8
  4601 | D:5      | Found a staircase to the Ecumenical Temple.
  4618 | Temple   | Entered the Ecumenical Temple
  4750 | D:5      | Found a burning altar of Makhleb.
  4751 | D:5      | Reached skill level 5 in Fighting
  5099 | D:6      | Reached skill level 7 in Axes
  5132 | D:6      | Identified the ring "Wycw" {Str+4 SInv}
  5849 | D:6      | Reached XP level 9. HP: 73/73 MP: 9/9
  6390 | D:7      | Found a stormy altar of Qazlal.
  6391 | D:7      | Found an ornate altar of the Wu Jian Council.
  6419 | D:7      | Reached skill level 8 in Axes
  6420 | D:7      | Found a bloodstained altar of Trog.
  6985 | D:7      | Reached skill level 5 in Dodging
  7001 | D:7      | Reached skill level 5 in Armour
  7156 | D:7      | Reached **** piety under Trog
  7307 | D:8      | Noticed Erica
  7317 | D:8      | Killed Erica
  7318 | D:8      | Reached skill level 9 in Axes
  7403 | D:7      | HP: 3/75 [poisoned by a killer bee]
  7576 | D:8      | Found Rorroim's Lightly-Used Armoury.
  7640 | D:8      | Reached XP level 10. HP: 59/82 MP: 10/10
  7773 | D:8      | Found a runed translucent gate.
  7773 | D:8      | Found a runed translucent gate.
  7773 | D:8      | Found a runed translucent gate.
  7773 | D:8      | Noticed lis82's ghost (novice DgAE)
  7775 | D:8      | Found a basalt altar of Yredelemnul.
  8144 | D:8      | Noticed Gastronok
  8199 | D:8      | Killed Gastronok
  8200 | D:8      | Reached skill level 10 in Axes
  8393 | D:7      | HP: 4/84 [orc warrior/+0 scimitar (18)]
  8775 | D:8      | Noticed Maggie
  8795 | D:8      | Killed Maggie
  9482 | D:9      | Identified a scroll of acquirement
  9728 | D:9      | Found a hazy altar of Hepliaklqana.
 10099 | D:9      | Reached skill level 11 in Axes
 10104 | D:9      | Reached XP level 11. HP: 71/92 MP: 11/11
 10192 | D:9      | Noticed a +0 dagger
 10192 | D:9      | Noticed a +0 short sword
 10192 | D:9      | Noticed a +0 dagger
 10192 | D:9      | Noticed a +0 falchion
 10193 | D:9      | Noticed a +0 spear
 10193 | D:9      | Noticed a +0 spear
 10193 | D:9      | Noticed a +0 short sword
 10194 | D:9      | Noticed a +0 falchion
 10198 | D:9      | Found a hide-covered altar of Uskayaw.
 10406 | D:10     | Entered Level 10 of the Dungeon
 10831 | D:10     | Noticed Josephine
 10839 | D:10     | Killed Josephine
 11549 | D:10     | Noticed a two-headed ogre
 11549 | D:10     | Noticed a brown ugly thing
 11570 | D:10     | HP: 4/93 [efreet/+3 scimitar of flaming (1)]
 11570 | D:10     | Slain by a brown ugly thing

Illustrated notes

Levels and vault maps discovered:
D:1:      co_arrival_random_square_maze, layout_basic, basic_ecumenical_altar
D:2:      layout_basic
D:3:      layout_rooms, slow_altar_2, mainiacjoe_overflow_big_doors
D:4:      layout_rooms, serial_shops, nicolae_shop_behind_doors,
          minmay_ruined_shrine, uniq_duvessa
D:5:      layout_cave_pools, makhleb_heckhound_becter,
          minmay_temple_entry_statues_fountains
D:6:      layout_layer_cave
D:7:      layout_gridville, nicolae_qazlal_scattered_showers,
          mainiacjoe_overflow_catwalk_spiral
D:8:      layout_basic, nicolae_yredelemnul_ghost_church, serial_rivers,
          chequers_serial_rivers_large_a, chequers_serial_rivers_micro_a,
          chequers_serial_rivers_marsh, chequers_serial_rivers_room_a,
          minmay_shop_damaged, uniq_gastronok, uniq_erica, uniq_maggie
D:9:      lemuel_ice_statue, layout_long_grid, nicolae_overflow_hidden_temple,
          nicolae_uskayaw_en_pointe
D:10:     layout_basic, minmay_joined_circles, uniq_josephine
Temple:   nicolae_temple_ecumenical_triangle

Skill      XL: |  1  2  3  4  5  6  7  8  9 10 11 |
---------------+----------------------------------+-----
Dodging        | 2 3 4 5 6 7 |  7.0
Armour         | 2 3 4 5 6 7 |  7.0
Axes           | 4 5 6 7 9 11 | 11.9
Evocations     | 1 2 3 |  3.0
Fighting       | 4 5 6 8 |  8.8

Action                   |  1- 3 |  4- 6 |  7- 9 | 10-12 || total
-------------------------+-------+-------+-------+-------++-------
Melee: Hand axe          |    84 |   123 |   361 |   176 ||   744
       Tailslap          |    12 |     9 |    56 |    79 ||   156
       Punch             |       |       |     5 |     2 ||     7
       War axe           |       |       |       |   197 ||   197
Throw: Dart              |       |       |     3 |     3 ||     6
Invok: Berserk           |     1 |     2 |    10 |     6 ||    19
       Trog's Hand       |       |       |     5 |     6 ||    11
 Abil: Rolling Charge    |    24 |    20 |    45 |    16 ||   105
Evoke: Wand              |       |       |     2 |     2 ||     4
  Use: Scroll            |       |     5 |     8 |     9 ||    22
       Potion            |       |       |     3 |     6 ||     9
Armor: Animal skin       |    15 |       |       |       ||    15
       Scale mail        |    13 |    46 |   183 |   118 ||   360
       Ring mail         |       |       |       |    20 ||    20
Dodge: Dodged            |    34 |    61 |   202 |   170 ||   467
